 Dungeon Crawl Stone Soup version 0.31-a0-164-g2312942fda (webtiles) character file.

Game seed: 14484722298399379582

4 ytrimaz the Grave Robber (level 1, -1/13 HPs)
             Began as a Mummy Necromancer on June 13, 2023.
             Slain by a gnoll
             ... wielding a +0 whip
              (7 damage)
             ... on level 1 of the Dungeon.
             The game lasted 00:00:23 (308 turns).

ytrimaz the Grave Robber (Mummy Necromancer)         Turns: 308, Time: 00:00:23

Health: -1/13      AC:  2    Str: 11    XL:     1   Next: 58%
Magic:  0/4        EV: 12    Int: 14    God:
Gold:   47         SH:  0    Dex: 12    Spells: 5/6 levels left

rFire   x . .        (no weapon)
rCold   + . .        (no shield)
rNeg    + + +        a - +0 robe
rPois   ∞            (no helmet)
rElec   .            (no cloak)
rCorr   .            (no gloves)
SInv    .            (no boots)
Will    .....        (no amulet)
Stlth   ++           (no ring)
HPRegen 0.22/turn    (no ring)
MPRegen 0.09/turn

%: faith
@: no status effects
A: cold resistance 1, negative energy resistance 3, torment resistance 2, heat
vulnerability 1, no potions, faith
a: no special abilities


You were on level 1 of the Dungeon.
You visited 1 branch of the dungeon, and saw 1 of its levels.

You collected 47 gold pieces.


Innate Abilities, Weirdness & Mutations

You are immune to poison.
Your flesh is cold resistant. (rC+)
You are immune to negative energy. (rN+++)
You are immune to unholy pain and torment.
You are vulnerable to heat. (rF-)
You do not drink.
You have a special connection with the divine. (Faith)


   Skills:
 - Level 1.5 Dodging
 - Level 1.5 Stealth
 + Level 3.0 Spellcasting
 + Level 4.1 Necromancy


You had 5 spell levels left.
You knew the following spells:

 Your Spells              Type           Power      Damage    Failure   Level
a - Necrotise             Necr           52%        1d6       4%          1

Your spell library contained the following spells:

 Spells                   Type           Power      Damage    Failure   Level
 Vampiric Draining        Necr           13%        2d6       12%         3
 Animate Dead             Necr           13%        N/A       36%         4
 Agony                    Necr           13%        N/A       73%         5

Inventory:

Armour
 a - a +0 robe (worn)
Scrolls
 b - a scroll of enchant armour {unknown}

Dungeon Overview and Level Annotations

Branches:
Dungeon (1/15) Zot: 5692

Altars:

####### #...... ######
#.....[ .....##### #......
###########.....# #......
..........#...).# #......
###########.#.....###.....)
.........g@.......'.'......
###########.#.....###......
#.....##.#.....# #######
+.....'..#.....#
#.....##.#.....# #####
#.....##.#....... ##....
########.#.......##.####
#.........##.8### #..
#!#..)


You could see a gnoll.


Message History

The ball python bites you.
The ball python constricts you. 😮 HP[-4]
You take 4 damage, and now have 9/13 hp.
MASSIVE DAMAGE!! (PAUSE) Unknown command.
Aiming: Necrotise (safe; 4% risk of failure)
Press: ? - help, Q - select action Shift-Dir - straight line, f/p - ball python
Aim: a ball python (heavily wounded, constricting you, ally target, chance to affect: 83%)
The ball python writhes in agony.
You kill the ball python!
The dead are slithering! 😕 HP[+1] MP[-1]
You lost 1 mp, and now have 0/4 mp.
Unknown command.
Your ball python skeleton crumbles into dust!
Your kobold skeleton crumbles into dust!
Things that are here:
a +0 club; 5 stones You now have 47 gold pieces (gained 15).
Things that are here:
a +0 club; 5 stones Key pressed, stopping explore.
You open the door.
There is an open door here.
Key pressed, stopping explore.
Unknown command. 😎 HP[+3] MP[+4]
Your hp is fully restored (13).
Your mp is fully restored (4).
You open the door.
A kobold comes into view.
It is wielding a +0 whip of electrocution.
The kobold shouts!
A kobold is nearby!
A kobold is nearby!
There is an open door here.
The kobold writhes in agony.
You kill the kobold!
The dead are walking! 😎 MP[-1]
You lost 1 mp, and now have 3/4 mp.
You can't see any susceptible monsters within range! (Use Z to cast anyway.)
You can't see any susceptible monsters within range! (Use Z to cast anyway.) Unknown command.
Things that are here:
a +0 whip of electrocution; a stone; 😎 MP[+1]
Your mp is fully restored (4).
You swap places.
You open the door.
A frilled lizard comes into view.
Your kobold skeleton crumbles into dust!
A frilled lizard is nearby!
A frilled lizard is nearby!
The frilled lizard hisses angrily.
The frilled lizard writhes in agony. 😎 MP[-1]
You lost 1 mp, and now have 3/4 mp.
The frilled lizard writhes in agony.
You kill the frilled lizard!
The dead are walking!
Your Spellcasting skill increases to level 3! 😎 MP[-1]
You lost 1 mp, and now have 2/4 mp.
You swap places.
There is an open door here.
You swap places.
There is an open door here.
Your frilled lizard skeleton crumbles into dust!
A gnoll comes into view. It is wielding a +0 whip. 😎 MP[+2]
Your mp is fully restored (4).
A gnoll is nearby!
A gnoll is nearby!
A gnoll is nearby!
You can't see any susceptible monsters within range! (Use Z to cast anyway.)
The gnoll shouts!
The gnoll writhes in agony. 😎 MP[-1]
You lost 1 mp, and now have 3/4 mp.
The gnoll writhes in agony. 😎 MP[-1]
You lost 1 mp, and now have 2/4 mp.
The gnoll barely resists. 😎 MP[-1]
You lost 1 mp, and now have 1/4 mp.
The gnoll barely resists. 😎 MP[-1]
You lost 1 mp, and now have 0/4 mp.
You are out of magic!
You are out of magic!
Unknown command.
The gnoll attacks as you move away!
The gnoll hits you with a +0 whip. 😮 HP[-6]
You take 6 damage, and now have 7/13 hp.
MASSIVE DAMAGE!! (PAUSE)
The gnoll attacks as you move away! The gnoll hits you with a +0 whip.
* * * LOW HITPOINT WARNING * * *
😨 HP[-1]
You take 1 damage, and now have 6/13 hp.
The gnoll attacks as you move away! The gnoll hits you with a +0 whip!
Ouch! That really hurt!
You die...

Skill      XL: |  1 |
---------------+----+-----
Spellcasting   | 3 |  3.0
Dodging        | |  1.5
Stealth        | |  1.5
Necromancy     | |  4.1

Action                     || total
---------------------------++-------
  Melee: Unarmed           ||     3
   Cast: Necrotise         ||    14
 Armour: Robe              ||     1
  Dodge: Dodged            ||     3

Levels and vault maps discovered:
D:1:      saegor_arrival_simple_e, layout_basic,
          dreamdust_ecumenical_altar_angels_and_demons, minmay_unequal

Notes
Turn   | Place    | Note
-------+----------+-------------------------------------------
     0 | D:1      | ytrimaz the Mummy Necromancer began the quest for the Orb.
     0 | D:1      | Reached XP level 1. HP: 13/13 MP: 4/4
     0 | D:1      | magus.rc [v1.9.6]
   113 | D:1      | Found a faded altar of an unknown god.
   270 | D:1      | Reached skill level 3 in Spellcasting
   308 | D:1      | Slain by a gnoll

Vanquished Creatures
  A ball python (D:1)
  A frilled lizard (D:1)
  3 kobolds (D:1)
5 creatures vanquished.

Table legend:
 A = Non-vault XP
 B = Vault XP
 C = Vault XP percentage of total XP
 D = Non-vault monster count
 E = Vault monster count
 F = Vault count percentage of total count
                 A         B        C        D         E       F
            +---------+---------+-------+---------+---------+-------
      Total |       7 |       0 |   0.0 |       5 |       0 |   0.0
            +---------+---------+-------+---------+---------+-------
        D:1 |       7 |       0 |   0.0 |       5 |       0 |   0.0
            +---------+---------+-------+---------+---------+-------

Skill      XL: |  1 |
---------------+----+-----
Spellcasting   | 3 |  3.0
Dodging        | |  1.5
Stealth        | |  1.5
Necromancy     | |  4.1

Action                     || total
---------------------------++-------
  Melee: Unarmed           ||     3
   Cast: Necrotise         ||    14
 Armour: Robe              ||     1
  Dodge: Dodged            ||     3

Illustrated notes

Table legend:
 A = Kills in this place as a percentage of kills in the entire game.
 B = Kills by you in this place as a percentage of kills by you in the entire game.
 C = Kills by friends in this place as a percentage of kills by friends in the entire game.
 D = Other kills in this place as a percentage of other kills in the entire game.
 E = Experience gained in this place as a percentage of experience gained in the entire game.
 F = Experience gained in this place divided by the number of levels of this place that you have seen.
                   A       B       C       D       E      F
               +-------+-------+-------+-------+-------+----------------------
         Total | 100.0 | 100.0 |   N/A |   N/A | 100.0 |   7.0
       Dungeon | 100.0 | 100.0 |   N/A |   N/A | 100.0 |   7.0
               +-------+-------+-------+-------+-------+----------------------

Table legend: (Time is in decaauts)
 A = Elapsed time spent in this place.
 B = Non-inter-level travel time spent in this place.
 C = Inter-level travel time spent in this place.
 D = Time resting spent in this place.
 E = Time spent auto-exploring this place.
 F = Levels seen in this place.
 G = Mean time per level.
                   A        B        C        D        E       F      G
               +--------+--------+--------+--------+--------+-----+--------+
         Total |    308 |    308 |      0 |      0 |    265 |   1 |  308.0 |
       Dungeon |    308 |    308 |      0 |      0 |    265 |   1 |  308.0 |
               +--------+--------+--------+--------+--------+-----+--------+

Top non-repeatable levels by time:
     D:1: 308 daAuts
